[Event "GrandPrix_29.05"]
[Site "Chess.com"]
[Date "2020.05.29"]
[Round "5"]
[White "Sam_ChessMood"]
[Black "VSERGUEI"]
[Result "1-0"]
[WhiteElo "2520"]
[BlackElo "2453"]
[TimeControl "600+2"]
[EndTime "11:28:22 PDT"]
[Termination "Sam_ChessMood won by resignation"]

1. e4 e6 2. d4 d5 3. Nc3 Nf6 4.
e5 Nfd7 5. f4 c5 6. Nf3 Nc6 7.
Be3 Be7 8. Qd2 O-O 9. dxc5 Qa5 10. O-O-O b6 11. Bb5 Nb4 12. a3 bxc5 13. Kb1 Rb8 14. axb4 cxb4 15. Nxd5 exd5 16. Bxd7 Bxd7 17. Qxd5 Qxd5 18.
Rxd5 Bf5 19. Nd4 Be4 20. Nc6 Bh4 21. Nxb8 Bxd5 22. Rd1 Bxg2 23. Na6 b3 24. cxb3 Be4+ 25.
Ka2 h6 26. b4 f6 27. e6 f5 28. Bc5 Rc8 29. b5 Bb7 30. b4 Bxa6 31. bxa6 Rc6 32.
Rd6 Rxd6 33. Bxd6 g5 34. Be7 Bf2 35. fxg5 f4 36. gxh6 f3 37. Kb3 Be3 38. Bh4 f2 39. Bxf2 Bxf2 40. h7+ 1-0

[Event "GrandPrix_29.05"]
[Site "Chess.com"]
[Date "2020.05.29"]
[Round "5"]
[White "KruHor"]
[Black "AlexVanGog"]
[Result "0-1"]
[WhiteElo "2352"]
[BlackElo "2423"]
[TimeControl "600+2"]
[EndTime "11:28:28 PDT"]
[Termination "AlexVanGog won by resignation"]

1. d4 Nf6 2. Nf3 d5 3. c4 c6 4.
Nc3 e6 5. g3 Nbd7 6. Bg2 dxc4 7. a4 Be7 8. O-O O-O 9. a5 b5 10. axb6 Qxb6 11. Qc2 Bb7 12. Rd1 c5 13. Be3 Nd5 14.
Bg5 Nb4 15. Qb1 f6 16. Be3 Nd5 17. dxc5 Nxc5 18. Na4 Qc7 19. Bxc5 Bxc5 20. Qe4 Rae8 21.
Nxc5 Qxc5 22. Nd4 Qb6 23. Qc2 Rc8 24. Qa4 c3 25. Qxa7 cxb2 26. Qxb6 Nxb6 27. Bxb7 bxa1=Q 28.
Rxa1 Rb8 29. Bf3 Rfe8 30. Ra6 Nd7 31. Bc6 Nc5 32. Ra5 Red8 33. Rxc5 Rxd4 34. h4 Kf7 35. Bf3 Ke7 36. Rc7+ Rd7 37. Rc1 Rb4 38. Kg2 f5 39. Rc6 g6 40. Ra6 h6 41. Ra8 g5 42. hxg5 hxg5 43.
Rh8 g4 44. Bc6 Rd2 45. Rh7+ Kf6 0-1

[Event "GrandPrix_29.05"]
[Site "Chess.com"]
[Date "2020.05.29"]
[Round "5"]
[White "Artur0208"]
[Black "DaviD-GevorG"]
[Result "1-0"]
[WhiteElo "2330"]
[BlackElo "1848"]
[TimeControl "600+2"]
[EndTime "11:28:32 PDT"]
[Termination "Artur0208 won by resignation"]

1. d4 Nf6 2. c4 g6 3. Nc3 Bg7 4. e4 d6 5. Be2 O-O 6. Be3 c5 7. dxc5 Qa5 8. Bd2 Qxc5 9. Nf3 Be6 10. Be3 Qb4 11. a3 Qa5 12. b4 Qc7 13. Rc1 Nc6 14. O-O Rfd8 15. Ng5 Qd7 16. f3 Rac8 17. Qd2 Ne5 18.
Nxe6 fxe6 19. Nb5 a6 20. Nd4 Nc6 21. Nb3 Rf8 22. Rfd1 Qe8 23. b5 axb5 24. cxb5 Ne5 25. Nd4 Qd7 26. Nb3 Rxc1 27. Rxc1 Rc8 28. Bd4 Rxc1+ 29. Qxc1 Ne8 30. a4 h5 31. a5 Nc7 32.
a6 bxa6 33. bxa6 Nxa6 34. Bxa6 Qa4 35. Bxe5 Bxe5 36. Bc4 Qa7+ 37. Kh1 Qf2 38. Bxe6+ Kg7 39. Qg1 Qh4 40. Nd2 Bxh2 41. Qxh2 Qe1+ 42. Nf1 Qxf1+ 43.
Qg1 Qxg1+ 44. Kxg1 Kf6 45. Bc4 g5 46. Kf2 Ke5 47. Bf7 h4 48. Ke3 e6 49. Bg8 d5 50.
exd5 exd5 51. Kd3 d4 52. Bb3 Kf4 53. Be6 Kg3 54. Bh3 g4 55. fxg4 Kf4 56. Kxd4 Kg5 57.
Ke5 1-0

[Event "GrandPrix_29.05"]
[Site "Chess.com"]
[Date "2020.05.29"]
[Round "5"]
[White "Angry_Twin"]
[Black "Lukianoo"]
[Result "1/2-1/2"]
[WhiteElo "2468"]
[BlackElo "2566"]
[TimeControl "600+2"]
[EndTime "11:28:37 PDT"]
[Termination "Game drawn by repetition"]

1. e4 c6 2. d4 d5 3. e5 Bf5 4. Nf3 e6 5. Be2 Nd7 6. O-O Nh6 7. Nbd2 Be7 8. Nb3 O-O 9. Ne1 c5 10. Bxh6 gxh6 11. dxc5 Nxe5 12. g4 Bg6 13. f4 Nc4 14. f5 exf5 15. gxf5 Ne3 16. Qd3 Nxf1 17. fxg6 fxg6 18.
Bxf1 Qc7 19. Qxd5+ Kh8 20. Bg2 Rad8 21. Qe4 Bxc5+ 22. Nxc5 Qxc5+ 23. Kh1 Rde8 24. Qd3 Re3 25. Qd2 Qg5 26. Nd3 Re7 27. Qxg5 hxg5 28. Bf1 g4 29.
Rd1 h5 30. Kg1 Rd8 31. c4 Kg7 32. b4 Re4 33. Rc1 Re3 34. Rc3 g3 35. h3 g5 36.
c5 h4 37. b5 g4 38. c6 bxc6 39. bxc6 gxh3 40. Bxh3 Rdxd3 41. Rxd3 Rxd3 42. c7 Rd1+ 43. Kg2 Rd2+ 44. Kf1 Rd1+ 45. Ke2 g2 46. c8=Q g1=Q 47. Qc7+ Kf6 48. Qf4+ Kg7 49. Qc7+ Kf8 50. Qc8+ Kf7 51. Qc7+ Ke8 52. Qc6+ Ke7 53. Qc7+ Ke8 54. Qc8+ Ke7 55. Qc7+ Ke8 1/2-1/2

[Event "GrandPrix_29.05"]
[Site "Chess.com"]
[Date "2020.05.29"]
[Round "5"]
[White "LorisinoC"]
[Black "IriBu"]
[Result "0-1"]
[WhiteElo "2144"]
[BlackElo "2229"]
[TimeControl "600+2"]
[EndTime "11:28:40 PDT"]
[Termination "IriBu won by resignation"]

1. e4 Nf6 2. e5 Nd5 3. d4 d6 4. Nf3 Bg4 5. h3 Bxf3 6. Qxf3 dxe5 7. dxe5 e6 8. Bc4 c6 9. O-O Nd7 10. Re1 Qc7 11. Bxd5 cxd5 12. Qc3 Qxc3 13. Nxc3 Bb4 14. Bd2 Rc8 15. Rac1 O-O 16. Ne4 Bxd2 17. Nxd2 Rc7 18.
Nf3 Rfc8 19. c3 b5 20. a3 Nb6 21. Nd4 a6 22. f4 Na4 23. Re2 Nc5 24. Rec2 Kf8 25.
Rd1 Ke7 26. Kf2 Ne4+ 27. Ke3 f6 28. exf6+ gxf6 29. g4 e5 30. fxe5 fxe5 31. Nf5+ Ke6 32. Rd3 a5 33. Kf3 b4 34. axb4 axb4 35. Rc1 bxc3 36. bxc3 Rxc3 37. Rdxc3 Rxc3+ 38. Rxc3 Nxc3 39. h4 d4 40. Ng3 Kd5 41. g5 e4+ 42. Kf4 d3 43.
Nf1 Kd4 44. h5 Nd5+ 45. Kf5 e3 46. g6 hxg6+ 47. hxg6 Ne7+ 48. Kf6 Nxg6 0-1

[Event "GrandPrix_29.05"]
[Site "Chess.com"]
[Date "2020.05.29"]
[Round "5"]
[White "hypert"]
[Black "Jaka_Brilej"]
[Result "1-0"]
[WhiteElo "2133"]
[BlackElo "2152"]
[TimeControl "600+2"]
[EndTime "11:28:42 PDT"]
[Termination "hypert won by checkmate"]

1. e4 c5 2. Nf3 Nc6 3. Bb5 Nf6 4. Bxc6 dxc6 5. d3 g6 6. h3 Bg7 7. Nc3 O-O 8. Be3 b6 9. Qd2 Re8 10. a3 a5 11. O-O e5 12. Na4 Ba6 13. b4 Bb5 14.
Nc3 cxb4 15. axb4 Qc7 16. bxa5 bxa5 17. Rfb1 Reb8 18. d4 exd4 19. Bxd4 Rd8 20. Qe3 Rdb8 21. Be5 Qd8 22. Bxb8 Rxb8 23. e5 Nd5 24. Nxd5 Qxd5 25. Rxa5 Re8 26. Re1 Qc4 27. Ra7 Qxc2 28. Qf4 Qc4 29.
Re4 Qb3 30. Nd4 Qb1+ 31. Kh2 Bc4 32. e6 f5 33. Nxf5 gxf5 34. Qg3 Qb2 35. Rxc4 Rxe6 36. Rb4 Qe5 37. Rb8+ Re8 38. Rxe8+ Qxe8 39. Qxg7# 1-0

[Event "GrandPrix_29.05"]
[Site "Chess.com"]
[Date "2020.05.29"]
[Round "5"]
[White "Hakob-Hakobyan-Arm"]
[Black "Doukis"]
[Result "1-0"]
[WhiteElo "2126"]
[BlackElo "2134"]
[TimeControl "600+2"]
[EndTime "11:28:47 PDT"]
[Termination "Hakob-Hakobyan-Arm won by checkmate"]

1. Nf3 g6 2. d4 Bg7 3. c4 d6 4. Nc3 Nd7 5. e4 e5 6. Be2 Ne7 7. O-O O-O 8. Be3 h6 9. Qd2 Kh7 10. Rad1 f5 11. dxe5 dxe5 12. exf5 gxf5 13. Qc2 Ng6 14.
Bd3 e4 15. Nxe4 fxe4 16. Bxe4 Rf6 17. h4 Rxf3 18. Bxg6+ Kh8 19. gxf3 Qxh4 20. Qe4 Qf6 21. Bd4 Qg5+ 22. Qg4 Nf8 23. Qxg5 hxg5 24. Bxg7+ Kxg7 25. Be4 c6 26. Rd6 Be6 27. b3 a5 28. Rfd1 Re8 29. Rd8 Re7 30. Kg2 Rf7 31. R1d6 Re7 32. Kg3 Rf7 33. Rb8 Re7 34. Rdd8 Rf7 35. Ra8 Rf6 36.
Rxa5 Kh6 37. Ra7 Rf7 38. Rxf8 Rxf8 39. Rxb7 c5 40. Rh7# 1-0

[Event "GrandPrix_29.05"]
[Site "Chess.com"]
[Date "2020.05.29"]
[Round "5"]
[White "farhadtahirov"]
[Black "WoodlandMagic"]
[Result "0-1"]
[WhiteElo "1810"]
[BlackElo "2065"]
[TimeControl "600+2"]
[EndTime "11:28:47 PDT"]
[Termination "WoodlandMagic won on time"]

1. c4 c6 2. Nc3 Nf6 3. Nf3 d5 4.
e3 g6 5. b3 Bg7 6. Bb2 O-O 7.
Be2 a6 8. O-O b5 9. d4 Bf5 10.
Rc1 Nbd7 11. a4 dxc4 12. axb5 axb5 13. bxc4 bxc4 14. Nd2 c5 15. d5 Ne5 16. e4 Bd7 17.
Qc2 Rb8 18. Bxc4 Nxe4 19. Ndxe4 Nxc4 20. Ba1 Qa5 21. Qe2 Nd6 22. Nxd6 exd6 23. Ne4 Bb5 24.
Qf3 Bxf1 25. Bxg7 Kxg7 26. Qf6+ Kg8 27. Rxf1 Qd8 28. Qf4 Qe7 29. h4 Qe5 30. Qf3 Kg7 31. Re1 f5 0-1

[Event "GrandPrix_29.05"]
[Site "Chess.com"]
[Date "2020.05.29"]
[Round "5"]
[White "Andrjywa"]
[Black "ZverevLev"]
[Result "0-1"]
[WhiteElo "2052"]
[BlackElo "2246"]
[TimeControl "600+2"]
[EndTime "11:28:49 PDT"]
[Termination "ZverevLev won by resignation"]

1. Nf3 d5 2. g3 c5 3. Bg2 Nc6 4. d4 Nf6 5. O-O e6 6. Bg5 Be7 7. Bxf6 Bxf6 8. c3 O-O 9. dxc5 e5 10. Na3 Be6 11. Nc2 Qc7 12. b4 Rad8 13. e3 Rfe8 14. Qc1 a5 15. a3 axb4 16. axb4 b6 17. b5 Na5 18. c6 Nb3 19. Qb2 Nxa1 20. Rxa1 Ra8 21. Nb4 Qd6 22. Nd2 e4 23. Na6 Bc8 24. Qa3 Qxa3 25. Rxa3 Bxa6 26. Rxa6 Rxa6 27. bxa6 Ra8 28.
Bf1 Bxc3 29. Nb3 Be5 30. Nd4 Kf8 31. Nb5 Rxa6 32. c7 Ra8 33. Bh3 Bxc7 34. Nxc7 Ra5 35. Bf1 Ke7 36. Nb5 f5 37. Kg2 Ra1 38. Nd4 Kf6 39. h4 g6 40. Bb5 h6 41. Bc6 Ra5 42. Nb3 Ra3 43. Bxd5 g5 44. Nd4 Rd3 45. Bc4 Rd2 46. Nb5 Ke5 47. Nd4 f4 48. gxf4+ gxf4 49. Kf1 f3 50. Kg1 Rd1+ 51. Kh2 Rc1 52. Bb5 Rc7 53. Bf1 Rg7 54. Bh3 Rc7 55. Nf5 Rc2 56. Kg3 h5 57. Nd4 Rd2 58. Bd7 Rd1 59. Bb5 Rg1+ 60. Kh3 Rg2 61. Be8 Rxf2 62. Bxh5 Ra2 63. Bg4 Ra1 64. Kh2 f2 0-1

[Event "GrandPrix_29.05"]
[Site "Chess.com"]
[Date "2020.05.29"]
[Round "5"]
[White "Mugzyyy"]
[Black "Misterlose0"]
[Result "1/2-1/2"]
[WhiteElo "2518"]
[BlackElo "1598"]
[TimeControl "600+2"]
[EndTime "11:28:50 PDT"]
[Termination "Game drawn - insufficient material"]

1. d4 Nf6 2. c4 c5 3. d5 e6 4. Nc3 exd5 5. cxd5 d6 6. e4 g6 7. f4 Bg7 8. Bb5+ Nfd7 9. Nf3 O-O 10. O-O a6 11. Bd3 b5 12. a3 Re8 13. Kh1 Ra7 14.
Qe1 Nf6 15. Be3 Rae7 16. b4 Nbd7 17. Rc1 Bb7 18. Qh4 cxb4 19. axb4 Nxd5 20. Nxd5 Bxd5 21. f5 Bxe4 22. Ng5 Bxd3 23. Qxh7+ Kf8 24. Ne6+ Rxe6 25. fxe6 Rxe6 26. Bh6 Bxf1 27. Qxg7+ Ke8 28. Qg8+ Ke7 29. Bg5+ Nf6 30. Qxd8+ Kxd8 31. Rxf1 Ke7 32. h4 d5 33.
g4 d4 34. h5 gxh5 35. gxh5 d3 36. h6 d2 37. Bxd2 Ne4 38. Bf4 Rxh6+ 39. Bxh6 Ng3+ 40.
Kg2 Nxf1 41. Kxf1 Kd7 42. Be3 Kc6 43. Bg5 a5 44. bxa5 Kb7 45. Ke2 f6 46. Bxf6 b4 47.
Kd2 b3 48. Kc3 b2 49. a6+ Kxa6 50. Kxb2 1/2-1/2

[Event "GrandPrix_29.05"]
[Site "Chess.com"]
[Date "2020.05.29"]
[Round "5"]
[White "Belka1989"]
[Black "elohunter1999"]
[Result "0-1"]
[WhiteElo "2161"]
[BlackElo "2199"]
[TimeControl "600+2"]
[EndTime "11:28:51 PDT"]
[Termination "elohunter1999 won by resignation"]

1. d4 Nf6 2. Nf3 d5 3. Bf4 c5 4. e3 Nc6 5. c3 e6 6. Nbd2 Bd6 7. Bg3 O-O 8. Bd3 b6 9. e4 Be7 10. dxc5 bxc5 11. O-O Bb7 12. Re1 Qb6 13. Qc2 h6 14. Bh4 Rfe8 15. Rad1 Rad8 16. exd5 exd5 17. a3 c4 18. Bf5 Bc5 19. Nf1 Ne7 20. Ne3 Nxf5 21. Nxf5 Re4 22. Bxf6 Qxf6 23. N5d4 Rde8 24. Qd2 Bc8 25.
Re3 Rxe3 26. fxe3 Bf5 27. Nxf5 Qxf5 28. Nd4 Qe4 29. Re1 Bxd4 30. Qxd4 Qxd4 31. cxd4 Rb8 32.
Re2 f5 33. Kf2 Kf7 34. h4 Rb3 35. Kf3 g5 36. hxg5 hxg5 37. g3 a5 38. Rh2 a4 39.
Rc2 Kg6 40. Rh2 Rb6 41. Rc2 Rb8 42. Rh2 g4+ 43. Kf4 Re8 0-1

[Event "GrandPrix_29.05"]
[Site "Chess.com"]
[Date "2020.05.29"]
[Round "5"]
[White "ZEN-22"]
[Black "weplaychess09"]
[Result "1-0"]
[WhiteElo "2108"]
[BlackElo "2075"]
[TimeControl "600+2"]
[EndTime "11:29:10 PDT"]
[Termination "ZEN-22 won by resignation"]

1. e3 d5 2. d4 Nf6 3. c4 e6 4. Nc3 Be7 5. Nge2 O-O 6. Nf4 b6 7. cxd5 exd5 8. Qf3 Bb7 9. Bd3 c5 10. g4 cxd4 11. exd4 Re8 12. O-O Bf8 13. Be3 Ne4 14. Rad1 Na6 15. a3 Rc8 16. Nfe2 Nb8 17. Qg2 Nd7 18. Bb1 a6 19. Nxe4 dxe4 20. Nc3 Bxa3 21. bxa3 Rxc3 22. a4 Nf6 23. d5 Ra3 24. g5 Nd7 25.
Bc2 Qe7 26. Rd4 Nc5 27. Rb1 Qd6 28. h4 Ra2 29. Rc1 Bxd5 30. Rcd1 Rxc2 31. Rxd5 Qf8 32. a5 bxa5 33. h5 a4 34. g6 fxg6 35. hxg6 h6 36.
Qg4 Nd3 37. Rf5 Qd6 38. Rf7 Re6 39. Bd4 Ne5 40. Bxe5 Qxe5 41. Qxe6 Qg5+ 42. Kf1 Qb5+ 43. Rd3 Rc1+ 44. Kg2 Qg5+ 45. Rg3 Rg1+ 46. Kxg1 Qc1+ 47. Kg2 Qh1+ 48. Kxh1 1-0

[Event "GrandPrix_29.05"]
[Site "Chess.com"]
[Date "2020.05.29"]
[Round "5"]
[White "Jan1401"]
[Black "tigra"]
[Result "0-1"]
[WhiteElo "2360"]
[BlackElo "2593"]
[TimeControl "600+2"]
[EndTime "11:29:11 PDT"]
[Termination "tigra won by resignation"]

1. e4 c5 2. Nf3 d6 3. Bb5+ Bd7 4. Bxd7+ Qxd7 5. O-O Nf6 6. Re1 g6 7. c3 Bg7 8. d4 O-O 9. h3 cxd4 10. cxd4 d5 11. e5 Ne4 12. Nbd2 Nxd2 13. Bxd2 Nc6 14. b4 a6 15. a4 b5 16. axb5 axb5 17. Qc2 e6 18.
Qc5 Rab8 19. Qc3 Rfc8 20. Qd3 Ne7 21. Bg5 Rc4 22. Reb1 Nc6 23. Qd2 Bf8 24. Bf6 Rxb4 25. Rxb4 Bxb4 26. Qf4 Bf8 27. Nh2 b4 28. Ng4 h5 29.
Nh2 b3 30. g4 b2 31. Rb1 Qa7 32. Nf3 Qa1 33. Nd2 Rb4 34. gxh5 Rxd4 35. Qg5 Rxd2 36. hxg6 Qxb1+ 37. Kg2 Qxg6 0-1

[Event "GrandPrix_29.05"]
[Site "Chess.com"]
[Date "2020.05.29"]
[Round "5"]
[White "kirillshevchenko"]
[Black "DaVinci81"]
[Result "1/2-1/2"]
[WhiteElo "2722"]
[BlackElo "2529"]
[TimeControl "600+2"]
[EndTime "11:29:19 PDT"]
[Termination "Game drawn by repetition"]

1. e4 e5 2. Nf3 Nc6 3. Bb5 a6 4. Ba4 Nf6 5. O-O Be7 6. Re1 b5 7. Bb3 d6 8. c3 O-O 9. h3 Nb8 10.
d4 Nbd7 11. Nbd2 Bb7 12. Bc2 c5 13. Nf1 cxd4 14. cxd4 exd4 15. Nxd4 Re8 16. Bf4 Bf8 17. Ng3 g6 18. a4 bxa4 19. Bxa4 Nxe4 20. Nc6 Qb6 21.
Nxe4 Bxc6 22. Be3 Bxa4 23. Qxa4 Qb5 24. Qxb5 axb5 25. Rxa8 Rxa8 26. Rd1 Ra6 27. Bf4 Ra4 28. f3 f5 29. b3 Rb4 30. Bxd6 Rxb3 31. Ng5 Bxd6 32.
Rxd6 Nf8 33. f4 Rb4 34. Rb6 h6 35. Nf3 Rxf4 36. Rxb5 Re4 37. Rb7 Re6 38. Kf2 Nh7 39.
Rb8+ Kg7 40. Rb7+ Kg8 41. Rb8+ Nf8 42. Rb7 Rf6 43. Ne5 Re6 44. Nf3 1/2-1/2

[Event "GrandPrix_29.05"]
[Site "Chess.com"]
[Date "2020.05.29"]
[Round "5"]
[White "Infernal_XaM"]
[Black "mishanick"]
[Result "0-1"]
[WhiteElo "2759"]
[BlackElo "2845"]
[TimeControl "600+2"]
[EndTime "11:29:20 PDT"]
[Termination "mishanick won by resignation"]

1. c4 e5 2. Nc3 Nf6 3. e3 Bb4 4. Nge2 O-O 5. a3 Be7 6. d4 exd4 7. Nxd4 d5 8. cxd5 Nxd5 9. Bd2 Bf6 10. Ndb5 Nb6 11. a4 a5 12. Ne4 Bxb2 13. Rb1 Be5 14. f4 Bf5 15. Qf3 Qd5 16. Ng3 Qxf3 17. gxf3 Bxb1 18.
fxe5 Nc6 19. f4 Nxa4 20. Na3 Ba2 21. Rg1 g6 22. Ne4 Be6 23. h4 Rfd8 24. h5 Ne7 25.
Bb5 Nb2 26. Nf6+ Kg7 27. e4 c6 28. Be2 Nd3+ 29. Bxd3 Rxd3 30. f5 Rxa3 31. fxe6 fxe6 32. Ke2 Ra2 33. Rh1 Rd8 34. h6+ Kh8 35. Rd1 a4 36. Ke3 Ng8 37. Ng4 a3 0-1

[Event "GrandPrix_29.05"]
[Site "Chess.com"]
[Date "2020.05.29"]
[Round "5"]
[White "XeresLt"]
[Black "ChessQueen"]
[Result "1-0"]
[WhiteElo "1870"]
[BlackElo "1911"]
[TimeControl "600+2"]
[EndTime "11:29:28 PDT"]
[Termination "XeresLt won by resignation"]

1. e4 c6 2. d4 d5 3. exd5 cxd5 4. c4 Nf6 5. Nc3 Nc6 6. Nf3 a6 7.
cxd5 Nxd5 8. Bd3 g6 9. h3 Bg7 10. O-O O-O 11. Re1 Nxc3 12. bxc3 Qc7 13. Ba3 Bf6 14.
Rc1 Re8 15. d5 Ne5 16. Nxe5 Bxe5 17. c4 Bd7 18. c5 Bf6 19. Qd2 Rac8 20. Bb4 Qb8 21.
Rb1 Qa7 22. Rec1 Bb5 23. Be4 Kg7 24. g3 h6 25. h4 h5 26. Qe3 Kg8 27. Kg2 Bg7 28.
Rc2 Qb8 29. Qf3 f5 30. Bd3 Bxd3 31. Qxd3 Red8 32. Re1 e5 33. d6 Rd7 34. Qd5+ Kh7 35. Rd2 Re8 36. Bc3 e4 37. Bxg7 Kxg7 38. Rb1 Rf8 39. Rb6 Qc8 40. Rdb2 Rff7 41. Qe5+ Kh7 42. c6 1-0

[Event "GrandPrix_29.05"]
[Site "Chess.com"]
[Date "2020.05.29"]
[Round "5"]
[White "Sporty207"]
[Black "klippfiskkjerringa"]
[Result "1-0"]
[WhiteElo "2220"]
[BlackElo "2047"]
[TimeControl "600+2"]
[EndTime "11:29:36 PDT"]
[Termination "Sporty207 won by resignation"]

1. d4 Nf6 2. c4 c5 3. d5 b5 4. cxb5 a6 5. bxa6 g6 6. Nc3 Bg7 7. e4 O-O 8. Nf3 Qa5 9. Bd2 Bxa6 10. Be2 Qb4 11. Bxa6 Nxa6 12. Qe2 Qxb2 13. Rb1 Qa3 14. e5 Ne8 15. O-O Nb4 16. Rb3 Qa6 17. Qxa6 Rxa6 18. Ne4 d6 19. exd6 exd6 20. Bxb4 cxb4 21. Rxb4 Rxa2 22.
Rb7 Nf6 23. Nxd6 Nxd5 24. Ng5 h6 25. Ngxf7 Re2 26. g3 Ne7 27. Rfb1 Rxf7 28. Nxf7 Kxf7 29. Ra7 Bd4 30. Ra4 Bxf2+ 31. Kf1 Bxg3 32. Kxe2 Bxh2 33.
Rh1 Be5 34. Rxh6 Kg7 35. Rh1 Nf5 36. Ra7+ Kf6 37. Ra6+ Nd6 38. Ke3 Ke6 39. Rd1 Ke7 40.
Re1 Kf6 41. Kf3 Kf5 42. Ra5 Nf7 43. Kg2 Ke6 44. Ra6+ Nd6 45. Kh3 Kf5 46. Ra5 Nf7 47. Rf1+ Ke6 48. Rxf7 Kxf7 49. Rxe5 1-0

[Event "GrandPrix_29.05"]
[Site "Chess.com"]
[Date "2020.05.29"]
[Round "5"]
[White "Hrant_ChessMood"]
[Black "Bosiocic"]
[Result "1-0"]
[WhiteElo "2947"]
[BlackElo "2725"]
[TimeControl "600+2"]
[EndTime "11:29:39 PDT"]
[Termination "Hrant_ChessMood won by resignation"]

1. d4 d6 2. Nf3 Nf6 3. c4 g6 4. Nc3 Bf5 5. g3 Bg7 6. Bg2 c6 7. O-O O-O 8. Ne1 Be6 9. d5 Bd7 10. Nd3 cxd5 11. cxd5 a5 12. h3 Na6 13. Be3 b5 14.
Rc1 Rb8 15. Kh2 Nc7 16. b4 Na6 17. a3 h5 18. Qd2 Bf5 19. Rb1 a4 20. Rbc1 Qd7 21.
Rfd1 Rfc8 22. Bh6 Bh8 23. Bg5 Nh7 24. Bf4 g5 25. Be3 Rc4 26. Nb2 Rc7 27. Bd4 Rbc8 28.
Bxh8 Kxh8 29. e4 Bg6 30. Bf1 Rb8 31. Nbxa4 Nxb4 32. Qd4+ Nf6 33. Qxb4 Qc8 34. Bxb5 Nxe4 35. Nxe4 Bxe4 36. Rxc7 Qxc7 37. Qxe4 Rxb5 38. Rd2 Qc1 39. Qc2 Qe1 40. Qd1 Qe5 41. Qxh5+ Kg8 42. Qe2 1-0

[Event "GrandPrix_29.05"]
[Site "Chess.com"]
[Date "2020.05.29"]
[Round "5"]
[White "fujiwara_hoga"]
[Black "econpower"]
[Result "0-1"]
[WhiteElo "2098"]
[BlackElo "2124"]
[TimeControl "600+2"]
[EndTime "11:29:45 PDT"]
[Termination "econpower won by checkmate"]

1. d4 d6 2. Nf3 g6 3. c4 Bg7 4.
Nc3 Nd7 5. e4 e5 6. Be2 Ne7 7.
O-O O-O 8. dxe5 dxe5 9. Be3 c5 10. Nd5 Nc6 11. Ne1 Re8 12. Qd2 b6 13. Nd3 Nf8 14.
Rfc1 Ne6 15. a3 Ned4 16. Bd1 f5 17. Bg5 Qd6 18. f3 f4 19. b4 Ne6 20. Bh4 g5 21. Be1 Ncd4 22. bxc5 bxc5 23. Qa5 h5 24. Rab1 Nc6 25. Qd2 g4 26. fxg4 Ng5 27. gxh5 Nxe4 28. Qe2 Bf5 29. Rb7 Nd4 30. Qf1 Bc8 31. Rxg7+ Kxg7 32. Nf2 Nxf2 33. Qxf2 Bb7 34. Qh4 Bxd5 35. Qg5+ Kh7 36. cxd5 Rg8 37. Qh4 Qxd5 38. Qh3 Rg7 39.
h6 Rg6 40. Bh5 Rg5 41. Rb1 Rag8 42. g4 e4 43. Kf1 Qc4+ 44. Kg1 Nf3+ 45. Kh1 Rxh5 46.
Rb7+ Kh8 47. Bc3+ Qxc3 48. Qxh5 Qe1+ 49. Kg2 Qg1+ 50. Kh3 Qf1# 0-1

[Event "GrandPrix_29.05"]
[Site "Chess.com"]
[Date "2020.05.29"]
[Round "5"]
[White "Alexander_Moskalenko"]
[Black "Gabix_94"]
[Result "1-0"]
[WhiteElo "2377"]
[BlackElo "2421"]
[TimeControl "600+2"]
[EndTime "11:29:47 PDT"]
[Termination "Alexander_Moskalenko won by resignation"]

1. d4 Nf6 2. c4 c5 3. Nf3 cxd4 4. Nxd4 Nc6 5. Nc3 Qb6 6. Nb3 e6 7. a3 Be7 8. Be3 Qc7 9. Rc1 O-O 10. g3 Ne5 11. c5 Qc6 12. f3 b6 13. cxb6 Nc4 14. Bd4 Nxb2 15. Qc2 Nc4 16. bxa7 Bxa3 17. Ra1 Bb4 18.
Bg2 e5 19. Bf2 Nd6 20. O-O Qxc3 21. Qa2 Qc4 22. Rfc1 Qe6 23. Qa4 Nd5 24. e4 Nc3 25. Qxb4 Ne2+ 26. Kh1 Nxc1 27. Rxc1 Nb7 28. Rxc8 Rfxc8 29. Qxb7 Qc4 30. Kg1 Qc3 31. Bf1 Qxf3 32. Nc5 h5 33. Nxd7 Kh7 34. Nxe5 Qf6 35. Nxf7 Rc2 36. Be3 Rf8 37. e5 Qf5 38. a8=Q Rxa8 39. Ng5+ 1-0

[Event "GrandPrix_29.05"]
[Site "Chess.com"]
[Date "2020.05.29"]
[Round "5"]
[White "Saqo007"]
[Black "payto1"]
[Result "1-0"]
[WhiteElo "2065"]
[BlackElo "2137"]
[TimeControl "600+2"]
[EndTime "11:29:47 PDT"]
[Termination "Saqo007 won by resignation"]

1. d4 Nf6 2. c4 e6 3. Nc3 Bb4 4.
a3 Bxc3+ 5. bxc3 O-O 6. e3 c5 7.
Bd3 b6 8. Ne2 Nc6 9. e4 Ne8 10.
O-O e5 11. d5 Na5 12. f4 f6 13. f5 Nd6 14. Rf3 Kf7 15. Rh3 h6 16. Ng3 Ke7 17.
Nh5 Rf7 18. g4 Ba6 19. Rg3 Bxc4 20. Bc2 Qc7 21. h4 Kd8 22. g5 hxg5 23. hxg5 Kc8 24. g6 Re7 25. Nxf6 gxf6 26. g7 Kb7 27. g8=Q Rxg8 28.
Rxg8 Rh7 29. Kg2 Nb5 30. Bd2 Qd6 31. Qf3 Bb3 32. Bd3 c4 33. Be2 Nxa3 34. Qg4 Bc2 35. Bf3 Nb3 36. Qg6 Re7 37. Bg5 Nxa1 38. Bxf6 Nb5 39.
Bxe7 Qxe7 40. f6 Qa3 41. f7 Qb2 42. Kh3 Qxc3 43. f8=Q Ka6 44. Qg3 Nb3 45. Qc8+ Ka5 46. Qxd7 Nc5 47. Qe7 Qd4 48. Qexe5 Qd2 49. Qa1+ Ba4 50. Qge1 c3 51. Qxd2 cxd2 52. e5 Nb3 53.
Qb2 N5d4 54. Bd1 1-0

[Event "GrandPrix_29.05"]
[Site "Chess.com"]
[Date "2020.05.29"]
[Round "5"]
[White "Yuri202062"]
[Black "sahidi"]
[Result "0-1"]
[WhiteElo "1846"]
[BlackElo "2107"]
[TimeControl "600+2"]
[EndTime "11:29:55 PDT"]
[Termination "sahidi won by resignation"]

1. d4 Nf6 2. c4 c6 3. Nc3 d5 4. e3 g6 5. Nf3 Bg7 6. Be2 O-O 7. Kf1 dxc4 8. Bxc4 b5 9. Be2 Bb7 10. h3 Qc7 11. Bd2 a6 12. Rc1 Nbd7 13. b4 Qd6 14. a3 a5 15. Qb3 axb4 16. axb4 Nb6 17. g3 Nc4 18. Be1 Nd5 19. Kg2 Ra3 20. Qb1 Rfa8 21. Ne4 Qc7 22. Nc5 Ra2 23. Kf1 Rb2 24.
Qe4 Nd6 25. Qd3 Raa2 26. Ng1 Nc4 27. h4 Ra3 28. Qe4 Ncxe3+ 29. fxe3 Rxe3 30. Qg2 Rexe2 31. Qxe2 Rxe2 32. Nxe2 Bc8 33. Bf2 Nxb4 34. h5 gxh5 35. Rxh5 Bg4 36. Rg5 h5 37. Nf4 Qc8 38. Re1 e6 39.
Nxh5 Bxh5 40. Rxh5 Nd5 41. Re4 Nf6 42. Rg5 Nxe4 43.
Nxe4 Qd8 44. Be3 b4 45. Rg4 f5 46. Bg5 Qd5 0-1

[Event "GrandPrix_29.05"]
[Site "Chess.com"]
[Date "2020.05.29"]
[Round "5"]
[White "v-kazakouski"]
[Black "Murad_Ibrahimli"]
[Result "0-1"]
[WhiteElo "2393"]
[BlackElo "2630"]
[TimeControl "600+2"]
[EndTime "11:29:57 PDT"]
[Termination "Murad_Ibrahimli won by resignation"]

1. d4 Nf6 2. Nf3 d5 3. c4 c6 4. Qc2 g6 5. Bf4 Bg7 6. e3 O-O 7. Nc3 Bg4 8. Ne5 Bf5 9. Qb3 Qb6 10. h3 Na6 11. g4 Be6 12. c5 Qxb3 13. axb3 Nb4 14. Ra4 a5 15. f3 Nd7 16. Nxd7 Bxd7 17. Bc7 e5 18. dxe5 Rfe8 19. f4 f6 20. Bxa5 Na6 21.
Bxa6 Rxa6 22. exf6 Bxf6 23. Kd2 h5 24. g5 Bg7 25. h4 Be6 26. Bc7 Rxa4 27. bxa4 d4 28. exd4 Bxd4 29. b4 Bf5 30. Be5 Rd8 31. Bd6 Re8 32. b5 Re3 33. Ne2 Rd3+ 34. Ke1 Be3 35. Ng3 Bg4 36. Ne2 Rd2 37. Rh2 Rb2 38. Kf1 Rb1+ 39.
Kg2 Bxe2 40. Rh3 Bf1+ 0-1

[Event "GrandPrix_29.05"]
[Site "Chess.com"]
[Date "2020.05.29"]
[Round "5"]
[White "GrishaTheChamp"]
[Black "GMMarcinDziuba"]
[Result "0-1"]
[WhiteElo "2194"]
[BlackElo "2467"]
[TimeControl "600+2"]
[EndTime "11:29:57 PDT"]
[Termination "GMMarcinDziuba won by resignation"]

1. d4 Nf6 2. c4 g6 3. Nc3 Bg7 4. e4 O-O 5. Nf3 d6 6. Be2 e5 7. O-O Nc6 8. d5 Ne7 9. Ne1 Nd7 10. Be3 f5 11. f3 f4 12. Bf2 g5 13. Nd3 Rf6 14. g4 fxg3 15. hxg3 h5 16. Kg2 Ng6 17. Be3 h4 18. g4 Nf4+ 19. Kh2 Nf8 20. c5 N8g6 21.
cxd6 cxd6 22. Nb5 a6 23. Nc3 Bd7 24. a4 Rf8 25. a5 Bf6 26. Na4 Bxa4 27. Rxa4 Rc8 28.
Bb6 Qd7 29. Ra1 Bd8 30. Be3 Rb8 31. Ba7 Ra8 32. Be3 b6 33. axb6 Qb7 34. Ra3 a5 35. Rb3 Nxe2 36. Qxe2 Ra6 37. Qd2 Bxb6 38. Bxg5 Bg1+ 39. Kxg1 Qxb3 40. Nc1 Qb6+ 41. Be3 Qb5 42. Nd3 Raa8 43. f4 exf4 44. Bxf4 Ra7 45. Rc1 Nxf4 46. Nxf4 Raf7 47. Rf1 Qb4 48. Qe3 Qc5 0-1